 Dungeon Crawl Stone Soup version 0.18-a0-1203-gbde16db (webtiles) character file.

392 Oddball22 the Charlatan (level 6, -18/55 HPs)
             Began as a Deep Dwarf Artificer on Feb 1, 2016.
             Demolished by an ogre
             ... wielding a cursed -1 giant club
              (20 damage)
             ... on level 4 of the Dungeon.
             The game lasted 00:09:33 (2737 turns).

Oddball22 the Charlatan (Deep Dwarf Artificer)      Turns: 2737, Time: 00:09:33

Health: -18/55     AC:  3    Str: 16    XL:     6   Next: 51%
Magic:  10/10      EV: 13    Int: 13    God:
Gold:   317        SH:  0    Dex: 13    Spells: 0 memorised, 5 levels left

rFire  + . .     SeeInvis .     F - +2 scythe (slice)
rCold  + . .     Gourm    .     E - +0 robe {rC+ rF+}
rNeg   . . .     Faith    .     (shield currently unavailable)
rPois  .         Spirit   .     (no helmet)
rElec  .         Dismiss  .     k - +0 cloak
rCorr  +         Reflect  .     (no gloves)
SustAt .         Harm     .     (no boots)
MR     .....                    (no amulet)
Stlth  ++........               x - ring of resist corrosion
                                u - -2 ring of slaying (curse)

@: non-regenerating, not resistant to hostile enchantments, unstealthy
A: damage resistance, recharge devices, sense surroundings 1, slow regeneration
3
a: Device Recharging


You were on level 4 of the Dungeon.
You were not hungry.

You visited 1 branch of the dungeon, and saw 4 of its levels.

You collected 317 gold pieces.

Inventory:

Hand Weapons
 a - a +0 short sword
 F - a +2 scythe of slicing (weapon)
Missiles
 r - 27 bolts
 s - 17 bolts of flame
 y - 5 poisoned bolts
Armour
 b - a +0 leather armour
 h - a +2 shield
 k - a +0 cloak (worn)
 E - a +0 robe of resistance (worn)
Jewellery
 j - an uncursed ring of loudness
 u - a cursed -2 ring of slaying (left hand)
 x - a ring of resist corrosion (right hand)
Wands
 c - a wand of flame (3/48)
 d - a wand of enslavement (15/24)
 e - a wand of random effects (8/48)
 f - a wand of heal wounds (3/9)
 A - a wand of confusion (30/48)
 B - a wand of flame (22/48)
Scrolls
 l - 6 scrolls of identify
 C - a scroll of fear
 D - a scroll of remove curse
Potions
 m - a potion of magic
 o - a potion of lignification {unknown}
 q - a potion of curing {unknown}
 t - a potion of cancellation {unknown}
 v - a potion of poison {unknown}
 w - a potion of mutation {unknown}
 z - a potion of agility {unknown}
 G - a potion of heal wounds {unknown}
Comestibles
 g - 4 bread rations
 i - a chunk of flesh
 n - a slice of pizza
 p - 5 meat rations
 H - 3 fruits


   Skills:
 + Level 2.8 Fighting
 - Level 0.8 Short Blades
 + Level 3.9 Dodging
 - Level 1.2 Stealth
 * Level 4.0 Shields
 + Level 5.9 Evocations


You had 5 spell levels left.
You didn't know any spells.

Dungeon Overview and Level Annotations

Branches:
Dungeon (4/15)
 Temple: D:4-7

Altars:
Ashenzari
Fedhas
Ru


Innate Abilities, Weirdness & Mutations

You are resistant to damage.
You can recharge devices by infusing magical energy.
You passively map a small area around you.
You do not regenerate naturally.


Message History

You barely miss the ogre.
The ogre is lightly wounded.
The ogre misses you. x2
You hit the ogre.
The ogre is moderately wounded.
The ogre hits you with a giant club.
You barely miss the ogre.
The ogre is moderately wounded.
The ogre completely misses you. x2
You slash the ogre!
The ogre is severely wounded.
The ogre hits you with a giant club!
* * * LOW HITPOINT WARNING * * *
The ogre closely misses you.
You are too injured to fight recklessly!
You are too injured to fight recklessly!
You hit the ogre but do no damage.
The ogre is severely wounded.
The ogre hits you with a giant club!!
You die...

* #.#..#.####..#
###+##### #.#..#.# ##.#
........# #.#..#.# #.#
........# #.#..#.# #..
........# #.####.# ##.
........# #.# #.######.
........# #.# #......).
........###.# #######<)
......O@'.#.# ###
........#.#.# #
........#.#.############
........#.#.............
#########.##############
#.#.............
#.#.############ #...#
#####


You could see an ogre.

Vanquished Creatures
  Sigmund (D:4)
  An ogre (D:4)
  An orc priest (D:4)
  An orc wizard (D:3)
  2 adders
  An adder skeleton (D:4)
  A worm (D:2)
  2 giant geckos
  3 orcs (D:4)
  8 bats
  5 giant cockroaches
  10 goblins
  6 hobgoblins
  11 jackals
  4 giant newts
  8 kobolds
  6 rats
71 creatures vanquished.

Notes
Turn   | Place    | Note
--------------------------------------------------------------
     0 | D:1      | Oddball22 the Deep Dwarf Artificer began the quest for the Orb.
     0 | D:1      | Reached XP level 1. HP: 16/16 MP: 3/3
   212 | D:1      | Reached skill level 1 in Fighting
   271 | D:1      | Reached XP level 2. HP: 22/25 MP: 5/5
   377 | D:1      | Reached skill level 1 in Shields
   863 | D:2      | Reached XP level 3. HP: 22/31 MP: 6/6
  1703 | D:3      | Reached XP level 4. HP: 8/39 MP: 7/7
  1783 | D:3      | Found a sacrificial altar of Ru.
  1802 | D:3      | Reached skill level 5 in Evocations
  2400 | D:4      | HP: 1/39 [orc/flail (5)]
  2413 | D:4      | Reached XP level 5. HP: 13/45 MP: 8/8
  2449 | D:4      | Found a shattered altar of Ashenzari.
  2470 | D:4      | Noticed Sigmund
  2470 | D:4      | Noticed an ogre
  2477 | D:4      | Killed an ogre
  2520 | D:4      | Found a sacrificial altar of Ru.
  2522 | D:4      | Found a blossoming altar of Fedhas.
  2537 | D:4      | Killed Sigmund
  2537 | D:4      | Reached XP level 6. HP: 6/55 MP: 10/10
  2736 | D:4      | HP: 2/55 [ogre/giant club (16)]
  2737 | D:4      | Demolished by an ogre

Vault maps used:
D:1:      lemuel_arrival_funnel
D:3:      nicolae_ru_great_annihilating_truth
D:4:      nicolae_overflow_hidden_temple, first_bread, uniq_sigmund

Action                   |  1- 3 |  4- 6 || total
-------------------------+-------+-------++-------
Melee: Short sword       |   223 |   133 ||   356
       Scythe            |       |    13 ||    13
Evoke: Wand              |     7 |    14 ||    21
  Use: Scroll            |     1 |     3 ||     4
 Stab: Paralysed         |       |     5 ||     5
       Invisible         |       |     1 ||     1
  Eat: Chunk             |     3 |     4 ||     7
